[Event "Nové Hrady - Open"]
[Site "Nové Hrady, Czech Republic"]
[Date "2024.08.16"]
[Round "6.4"]
[White "Steinbauer, Sebastián"]
[Black "Kaiser, Richard"]
[Result "0-1"]
[TimeControl "2x90min+30s"]
[WhiteFideId "399272"]
[BlackFideId "4651286"]
[WhiteElo "1990"]
[BlackElo "2019"]

1. e4 c5 2. d4 cxd4 3. c3 dxc3 4. Nxc3 e6 5. Nf3 Nc6 6. Be2 Bb4 7. O-O Nge7 8. Bf4 Ng6 9. Bg3 a6 10. Qb3 O-O 11. Rfd1 Qa5 12.
Rac1 f5 13. exf5 Rxf5 14. Bd3 Rxf3 15. gxf3 Nd4 16. Qc4 Nxf3+ 17. Kg2 d5 18. Qc7 Ngh4+ 19. Kh1 Qxc7 20. Bxc7 Bd7 21. Bg3 Bc6 22.
Bxh4 Nxh4 23. Kg1 Nf3+ 24. Kg2 Rf8 25. Ne2 e5 26. Ng3 g6 27. a3 Ba5 28. Bxa6 Nh4+ 29. Kf1 Bb6 30. Rd2 Bd7 31.
Bxb7 Bb5+ 32. Ke1 Nf3+ 33. Kd1 Ba4+ 34. Rdc2 Rd8 35. Nf1 Bxf2 36. Ke2 Nd4+ 37. Kxf2 Nxc2 38. Nd2 Rf8+ 39. Kg3 Ne3 40.
Rc5 Rd8 41. b3 Be8 42. Kf3 Nf5 43. Rxd5 Nd6 44. Ne4 Nxb7 45. Rxd8 Nxd8 46. Nf6+ Kf7 47. Nxe8 Kxe8 48. Ke4 Nf7 49.
a4 Kd7 50. Kd5 g5 51. a5 g4 52. b4 h5 53. b5 Kc7 54. Ke4 h4 55. Kd3 g3 0-1

[Event "Nové Hrady - Open"]
[Site "Nové Hrady, Czech Republic"]
[Date "2024.08.16"]
[Round "6.5"]
[White "Picek, Miroslav"]
[Black "Borecký, Andrej"]
[Result "0-1"]
[TimeControl "2x90min+30s"]
[WhiteFideId "325198"]
[BlackFideId "23752670"]
[WhiteElo "1922"]
[BlackElo "1672"]

1. e4 c5 2. Nf3 Nc6 3. d4 cxd4 4. Nxd4 Nf6 5. Nc3 e5 6. Ndb5 d6 7. a4 a6 8. Na3 Bg4 9. f3 Be6 10.
Be3 Be7 11. Qd2 O-O 12. Nd5 Bxd5 13. exd5 Nd4 14. Bxd4 exd4 15. Bc4 b5 16. axb5 axb5 17. Bb3 Ne4 18. fxe4 Bg5 19. Qxd4 Bf6 20.
Qb4 Bxb2 21. O-O Bxa1 22. Rxa1 Qb6+ 23. Kh1 Ra6 24. Rf1 Rfa8 25. Qxb5 Qd4 26. Nb1 Ra1 27. Qd3 Qxd3 28. cxd3 Rb8 29. Rc1 Kf8 30. Bc2 Rc8 31.
h3 Ra2 32. Nd2 Rcxc2 33. Rxc2 Rxc2 34. Nf3 Ke7 35. Kg1 f5 36. Nd4 Rc1+ 37. Kf2 fxe4 38. Nf5+ Kf6 39. Nxd6 exd3 40. Ke3 Ke5 41.
Ne8 Kxd5 42. Kxd3 Rg1 43. Nxg7 Rxg2 44. Nh5 Ke5 45. Ke3 Kf5 46. Kf3 Ra2 47. Kg3 Kg5 48. Ng7 Ra3+ 49. Kh2 Ra2+ 50.
Kg3 Ra3+ 51. Kh2 Ra6 52. Ne8 Kf4 53. Ng7 Ra2+ 54. Kg1 Kg3 55. Nh5+ Kxh3 0-1

[Event "Nové Hrady - Open"]
[Site "Nové Hrady, Czech Republic"]
[Date "2024.08.16"]
[Round "6.6"]
[White "Hajicek, Matyas"]
[Black "Rendl, Luboš"]
[Result "0-1"]
[TimeControl "2x90min+30s"]
[WhiteFideId "23764481"]
[BlackFideId "23750197"]
[WhiteElo "1653"]
[BlackElo "1848"]

1. e4 c5 2. d4 cxd4 3. c3 dxc3 4. Nxc3 Nc6 5. Bc4 e6 6. Nf3 a6 7. O-O Nge7 8. Bg5 f6 9. Bh4 Ng6 10.
Qe2 Be7 11. Rfd1 Qc7 12. Bg3 Nce5 13. Nxe5 Nxe5 14. Bb3 O-O 15. Nd5 exd5 16. Rxd5 Kh8 17. f4 Nc6 18. Rh5 g6 19. f5 Qb6+ 20.
Bf2 Nd4 21. Rxh7+ Kxh7 22. Qg4 Rg8 23. Bxg8+ Kxg8 24. Qxg6+ Kf8 25. Qh6+ Ke8 26. Qg6+ Kd8 27. Qg8+ Kc7 28. Rc1+ Bc5 29.
Bxd4 d6 30. Qd5 Bd7 31. e5 fxe5 32. Bxc5 dxc5 33. Qxe5+ Kc6 34. f6 Re8 35. Qf4 Qxb2 36. f7 Rf8 37. Qh6+ Kb5 38. Rd1 Rxf7 39.
Qh4 0-1

[Event "Nové Hrady - Open"]
[Site "Nové Hrady, Czech Republic"]
[Date "2024.08.16"]
[Round "6.7"]
[White "Hokr, Matyáš"]
[Black "Junek, Petr"]
[Result "1-0"]
[TimeControl "2x90min+30s"]
[WhiteFideId "23734663"]
[BlackFideId "23739282"]
[WhiteElo "1641"]
[BlackElo "1775"]

1. c4 c5 2. Nc3 Nc6 3. e3 e5 4. Nge2 Nge7 5. d4 cxd4 6. exd4 exd4 7. Nxd4 g6 8. Ndb5 Nf5 9. Nd5 Bd6 10.
Qe2+ Nce7 11. Nxd6+ Nxd6 12. Qe5 Qa5+ 13. b4 1-0

[Event "Nové Hrady - Open"]
[Site "Nové Hrady, Czech Republic"]
[Date "2024.08.16"]
[Round "6.8"]
[White "Dudarec, Elias"]
[Black "Černý, Zbyšek"]
[Result "0-1"]
[TimeControl "2x90min+30s"]
[WhiteFideId "23714930"]
[BlackFideId "23739380"]
[WhiteElo "1750"]
[BlackElo "1582"]

1. d4 d5 2. Bf4 e6 3. Nf3 c5 4. e3 Nf6 5. c3 Nc6 6. Bd3 Be7 7. O-O O-O 8. Nbd2 a6 9. a4 b6 10.
Ne5 Bb7 11. Ndf3 Rc8 12. Nxc6 Rxc6 13. Ne5 Rc8 14. Qf3 Ne4 15. Qh3 h6 16. f3 Ng5 17. Qg3 Kh8 18. h4 Nh7 19. Nxf7+ Rxf7 20.
Qg6 Qg8 21. Qxe6 Bxh4 22. g3 Bd8 23. Kf2 Re7 24. Qg4 Nf6 25. Qf5 Rc6 26. Qh3 Bc8 27. g4 Bc7 28. Bg5 Rf7 29. Ke2 Qf8 30.
Bg6 Rd7 31. Rh1 Nh7 32. Bxh7 Kxh7 33. f4 cxd4 34. exd4 Qe8+ 35. Kd2 Qe4 36. Qg3 Kg8 37. Rae1 Qg6 38. Bh4 Rf7 39. Bg5 hxg5 40.
Re8+ Rf8 41. Rh8+ Kxh8 42. Rxf8+ Kh7 43. Qh3+ Qh6 44. Qd3+ g6 45. fxg5 Qxf8 0-1

[Event "Nové Hrady - Open"]
[Site "Nové Hrady, Czech Republic"]
[Date "2024.08.16"]
[Round "6.9"]
[White "Shivairo, Swegenyi Mark"]
[Black "Slabý, Matěj"]
[Result "0-1"]
[TimeControl "2x90min+30s"]
[WhiteFideId "23745029"]
[BlackFideId "23734876"]
[WhiteElo "1618"]
[BlackElo "2020"]

1. e4 d5 2. exd5 Qxd5 3. Nc3 Qd6 4. Nf3 Nf6 5. d4 c6 6. Be3 Bg4 7. Be2 Nbd7 8. O-O e6 9. Ng5 Bxe2 10.
Qxe2 Be7 11. a3 O-O 12. Rad1 h6 13. Nf3 Qc7 14. Rfe1 Rfe8 15. Qd3 b5 16. Bd2 a5 17. Ne2 Bd6 18.
Ng3 b4 19. a4 c5 20. b3 Rac8 21. Rc1 c4 22. Qxc4 Qxc4 23. bxc4 Rxc4 24. Ne4 Nxe4 25. Rxe4 Rec8 26. Ne1 b3 27.
c3 Rxa4 28. Rb1 Ra2 29. Nf3 a4 30. Ree1 Nb6 31. Ra1 Rxa1 32. Rxa1 b2 33. Rb1 a3 34. Ne1 0-1

[Event "Nové Hrady - Open"]
[Site "Nové Hrady, Czech Republic"]
[Date "2024.08.16"]
[Round "6.10"]
[White "Schulz, Gerhard"]
[Black "Slabý, Martin"]
[Result "0-1"]
[TimeControl "2x90min+30s"]
[WhiteFideId "1634780"]
[BlackFideId "23713593"]
[WhiteElo "1804"]
[BlackElo "1569"]

1. d4 Nf6 2. Nc3 e6 3. Bf4 Bb4 4.
Qd3 Nd5 5. Bd2 O-O 6. a3 Bxc3 7. bxc3 d6 8. e4 Nf6 9. Bg5 Nbd7 10. Nf3 e5 11. Be2 c5 12. O-O b6 13. Nd2 Qc7 14.
h3 Bb7 15. d5 a6 16. c4 b5 17. Qg3 bxc4 18. Bh6 g6 19. Bxf8 Rxf8 20. Bxc4 Nh5 21. Qh4 f5 22. f3 f4 23. Rf2 Ndf6 24. Nf1 h6 25. g4 g5 26. Qxh5 Nxh5 27. gxh5 Bc8 28.
Rh2 Qe7 29. Nd2 Kh8 30. Bf1 Rg8 31. Nc4 Bd7 32. a4 Be8 33. Rb1 Bxh5 34. Kf2 Be8 35. Na5 Bxa4 36. Rb7 Qd8 37. Nc6 Bxc6 38.
dxc6 Qc8 39. Rb6 a5 40. Ba6 Qc7 41. Rb2 Qxc6 42. Bc4 Rf8 43. Bd5 Qa4 44. c3 Qa3 45. Ra2 Qxc3 46. Re2 Rb8 47.
Rh1 Rb2 48. Rhe1 Rxe2+ 49. Rxe2 a4 50. Ba2 a3 51. Bb1 Qd4+ 52. Kg2 Qd1 53. Ra2 Qxb1 0-1

[Event "Nové Hrady - Open"]
[Site "Nové Hrady, Czech Republic"]
[Date "2024.08.17"]
[Round "7.1"]
[White "Žilavý, Jan"]
[Black "Dudek, Vojtěch"]
[Result "1/2-1/2"]
[TimeControl "2x90min+30s"]
[WhiteFideId "350141"]
[BlackFideId "398780"]
[WhiteElo "2127"]
[BlackElo "2117"]

1. d4 Nf6 2. c4 e6 3. Nc3 d5 4. Nf3 Be7 5. Bg5 O-O 6. e3 b6 7. Be2 Bb7 8. Bxf6 Bxf6 9. cxd5 exd5 10.
b4 c6 11. O-O Nd7 12. Qb3 Qe7 13. Rfc1 Qd6 14. Ne1 Rfe8 15. Bf3 Nf8 16. b5 Rad8 17. bxc6 Bxc6 18. Nd3 Ne6 19. Nb4 Ba8 20.
Nbxd5 Bxd4 21. Rd1 Bxc3 22. Nxc3 Qe5 23. Bxa8 Rxa8 24. Rd5 Qf6 25. Rad1 Nc5 26. Qb4 Rad8 27. Qd4 Qxd4 28. R1xd4 Ne6 29.
Rxd8 Rxd8 30. Rxd8+ Nxd8 31. Kf1 Kf8 32. Ke2 Ke7 33. Kd3 Kd7 34. Kc4 Ne6 35. e4 Kc6 36. Nd5 b5+ 37. Kb4 Nd4 38. h4 Nc2+ 39. Kc3 Na3 40.
Ne3 a5 41. h5 b4+ 42. Kb3 Kb5 43. Nf5 a4+ 44. Kb2 Nc4+ 45. Kc2 g6 46. hxg6 fxg6 47. Nd4+ Kc5 48. Ne6+ Kd6 49. Nf8 Ke5 50. Nxh7 Kxe4 51. Nf8 Na3+ 52.
Kc1 Kf5 53. Nd7 Nc4 54. Nc5 Nb6 55. Kc2 g5 56. Kd3 g4 57. Kd4 b3 58. axb3 axb3 59. Nxb3 Nd7 60. g3 Ne5 61. Nd2 Nc6+ 62.
Kd5 Ne5 63. Nf1 Nd3 64. Ne3 Kg5 65. Nd1 Nb4+ 66. Ke4 Na6 67. Nc3 Nc5+ 68. Kd4 Nd7 69. Ne4+ Kf5 70. Nd6+ Kg5 71. Kd5 Nf8 72.
Ke4 Nd7 73. Nf7+ Kf6 74. Nd8 Kg5 75. Ne6+ Kf6 76. Kf4 Kxe6 77. Kxg4 Nf6+ 78. Kf4 Nh5+ 79. Kg5 Nf6 80. f3 Kf7 81.
Kf5 Nh5 82. g4 Ng7+ 83. Kg5 Ne6+ 84. Kh5 Kf6 85. Kh6 Ke5 86. g5 Kf4 87. g6 Kxf3 88. g7 Nxg7 1/2-1/2

[Event "Nové Hrady - Open"]
[Site "Nové Hrady, Czech Republic"]
[Date "2024.08.17"]
[Round "7.2"]
[White "Hrbek, Jáchym"]
[Black "Kaiser, Richard"]
[Result "1-0"]
[TimeControl "2x90min+30s"]
[WhiteFideId "23709138"]
[BlackFideId "4651286"]
[WhiteElo "1996"]
[BlackElo "2019"]

1. e4 e6 2. d4 d5 3. Nc3 Be7 4. Bd3 Nf6 5. Nf3 a6 6. Bf4 c5 7. dxc5 Bxc5 8. Qe2 d4 9. Nb1 Nc6 10.
Nbd2 h6 11. O-O-O Nh5 12. Bg3 Nxg3 13. hxg3 e5 14. Nb3 Bb6 15. Bc4 Qe7 16. Nh4 Qg5+ 17. Kb1 Bg4 18. f3 Bd7 19. Qf2 Qf6 20.
f4 O-O-O 21. Rhf1 Rhf8 22. Qf3 Qe7 23. a3 g6 24. Qf2 Kb8 25. Bd5 Ka7 26. Rd3 Na5 27. Nxa5 Bxa5 28. c4 Bb6 29.
fxe5 Qxe5 30. Qf4 Qxf4 31. gxf4 Bg4 32. Nf3 Bxf3 33. Rdxf3 h5 34. Kc2 Rd7 35. Kd3 a5 36. b4 Bd8 37.
Kxd4 Be7 38. c5 f5 39. Kc4 fxe4 40. Bxe4 Rc7 41. Kb5 Rf6 42. Kxa5 b6+ 43. cxb6+ Rxb6 44. Rg3 Re6 45. Bd5 Rd6 46.
Be4 Re6 47. Bxg6 Ra6+ 48. Kb5 h4 49.
Rg4 Rxa3 50. Be4 Bf6 51. Rg8 Rb7+ 52. Bxb7 Kxb7 53. Rg6 1-0

[Event "Nové Hrady - Open"]
[Site "Nové Hrady, Czech Republic"]
[Date "2024.08.17"]
[Round "7.3"]
[White "Šťastná, Martina"]
[Black "Šebesta, Marek"]
[Result "1-0"]
[TimeControl "2x90min+30s"]
[WhiteFideId "385123"]
[BlackFideId "23765119"]
[WhiteElo "1945"]
[BlackElo "1495"]

1. e4 e5 2. Nf3 Nc6 3. Bb5 a6 4.
Ba4 Nf6 5. O-O b5 6. Bb3 Bc5 7. c3 d6 8. Re1 O-O 9. h3 Be6 10. Bc2 Re8 11. d4 exd4 12. cxd4 Bb4 13. Nc3 d5 14.
e5 Nd7 15. Bxh7+ Kxh7 16. Ng5+ Kg8 17. Qh5 Nf8 18. Be3 Bxc3 19. bxc3 f6 20. Nxe6 Rxe6 21. exf6 Qxf6 22. Qxd5 Rd8 23.
Qb3 Na5 24. Qc2 Nc4 25. a4 c6 26. axb5 cxb5 27. Rad1 Rd5 28. Qe2 Nd7 29. Qg4 Ndb6 30. Qg3 Na4 31. Bf4 Nab2 32. Rb1 a5 33.
Qf3 Rf5 34. Qa8+ Kh7 35. Bg3 Nd3 36. Re4 Rxe4 37. Qxe4 Nxf2 38. Bxf2 Nd2 39. Qd3 Nxb1 40. g4 Kg6 41. Qxb1 a4 42. Be3 a3 43. Bc1 a2 44.
gxf5+ Qxf5 45. Qxa2 Qxh3 46. Qg2+ Qxg2+ 47. Kxg2 Kf5 48. Kf3 g6 49. Bh6 Ke6 50. Ke4 Kd6 51. Bf4+ Kc6 52. d5+ Kc5 53.
d6 g5 54. Bg3 Kc4 55. d7 Kxc3 56.
d8=Q b4 57. Qd3+ Kb2 58. Be5+ Kc1 59. Ke3 b3 60. Qd2+ Kb1 61. Qb2# 1-0

[Event "Nové Hrady - Open"]
[Site "Nové Hrady, Czech Republic"]
[Date "2024.08.17"]
[Round "7.4"]
[White "Rendl, Luboš"]
[Black "Hokr, Matyáš"]
[Result "1-0"]
[TimeControl "2x90min+30s"]
[WhiteFideId "23750197"]
[BlackFideId "23734663"]
[WhiteElo "1848"]
[BlackElo "1641"]

1. e4 e6 2. d4 d5 3. Nc3 Bb4 4. e5 Ne7 5. a3 Bxc3+ 6. bxc3 c5 7. Qg4 Ng6 8. Nf3 cxd4 9. cxd4 Qc7 10.
Bd2 h5 11. Qg5 Qxc2 12. Bb5+ Bd7 13. Bxd7+ Nxd7 14. O-O Qf5 15. Qxf5 exf5 16. Bb4 h4 17. Rac1 Nf4 18. Rc7 Rb8 19. Ng5 Ne6 20. Nxe6 fxe6 21.
Rfc1 Rg8 22. Bd6 Kd8 23. f4 g6 24. h3 Rh8 25. Kf2 Rg8 26. a4 Rh8 27. a5 a6 28. g3 b6 29. axb6 Nxb6 30.
Be7+ Ke8 31. Bf6 hxg3+ 32. Kxg3 Rh5 33. Re7+ Kf8 34. Rcc7 Nc8 35. Bg7+ Kg8 36. Re8+ Kh7 37. Rh8# Ra8 1-0

[Event "Nové Hrady - Open"]
[Site "Nové Hrady, Czech Republic"]
[Date "2024.08.17"]
[Round "7.5"]
[White "Borecký, Andrej"]
[Black "Černý, Zbyšek"]
[Result "1-0"]
[TimeControl "2x90min+30s"]
[WhiteFideId "23752670"]
[BlackFideId "23739380"]
[WhiteElo "1672"]
[BlackElo "1582"]

1. e4 c5 2. b4 d6 3. bxc5 dxc5 4. Nf3 a6 5. c3 Nf6 6. e5 Nd5 7. d4 cxd4 8. cxd4 e6 9. Bd3 Be7 10.
O-O O-O 11. Ba3 b5 12. Bxe7 Qxe7 13. Nbd2 Bb7 14. Ne4 f6 15. exf6 Nxf6 16. Nc5 Bd5 17. Re1 Nfd7 18. Nxe6 Bxe6 19.
d5 Nc5 20. dxe6 Rd8 21. Re3 Nc6 22.
Qe2 Nxd3 23. Rxd3 Rxd3 24. Qxd3 Qxe6 25. Ng5 Qg6 26. Qd5+ Kf8 27. Ne6+ Ke7 28. Re1 Re8 29. Nc7+ Kf6 30.
Nxe8+ 1-0

[Event "Nové Hrady - Open"]
[Site "Nové Hrady, Czech Republic"]
[Date "2024.08.17"]
[Round "7.6"]
[White "Slabý, Martin"]
[Black "Slabý, Matěj"]
[Result "0-1"]
[TimeControl "2x90min+30s"]
[WhiteFideId "23713593"]
[BlackFideId "23734876"]
[WhiteElo "1569"]
[BlackElo "2020"]

1. g4 e5 2. Bg2 h5 3. gxh5 Qg5 4. Bf3 Qh4 5. d3 Bc5 6. e3 Ne7 7. Ne2 d5 8. d4 exd4 9. exd4 Bd6 10.
Ng3 Nbc6 11. c3 Bd7 12. Qe2 O-O-O 13. c4 Nxd4 14. Qd1 Nxf3+ 15. Qxf3 Qxc4 16. Nd2 Bb4 17. Ne2 Bg4 18. Kd1 Bxf3 19.
Nxc4 dxc4+ 0-1

[Event "Nové Hrady - Open"]
[Site "Nové Hrady, Czech Republic"]
[Date "2024.08.17"]
[Round "7.7"]
[White "Hajicek, Matyas"]
[Black "Picek, Miroslav"]
[Result "1/2-1/2"]
[TimeControl "2x90min+30s"]
[WhiteFideId "23764481"]
[BlackFideId "325198"]
[WhiteElo "1653"]
[BlackElo "1922"]

1. e4 d6 2. d4 Nf6 3. Nc3 c6 4. f3 Qc7 5. Be3 a6 6. a4 b6 7. Bc4 e5 8. Nge2 Be7 9. Qd2 Nbd7 10.
Ng3 Nf8 11. dxe5 dxe5 12. Kf2 Be6 13. Qe2 Bxc4 14. Qxc4 g6 15. b4 Ne6 16. b5 cxb5 17. Qxc7 Nxc7 18. axb5 Bb4 19. Na4 axb5 20.
Nxb6 Rxa1 21. Rxa1 O-O 22. c4 bxc4 23. Nxc4 Bc3 24. Rc1 Nb5 25. Ne2 Bd4 26. Bxd4 exd4 27. Rb1 Rc8 28. Rxb5 Rxc4 29.
Rb8+ Kg7 30. Rd8 Rc2 31. Rxd4 h5 32. Ke3 g5 33. e5 Ng8 34. Rd7 Kg6 35. g4 hxg4 36. fxg4 Rc4 37. h3 Nh6 38.
Kf3 f5 39. Rd6+ Kg7 40. Nd4 Rc3+ 41. Kg2 fxg4 42. hxg4 Nxg4 43. Nf5+ Kf7 44. e6+ Ke8 45. Ng7+ Kf8 46. Rd7 Re3 47.
Rf7+ Kg8 48. Ra7 Nf6 49. Kf2 Re5 50. e7 g4 51. Kg2 Re2+ 52. Kf1 Re5 53. Kg2 Re2+ 54. Kg3 Re3+ 55. Kh4 g3 56. Nf5 g2 57. Nh6+ Kh8 58. Ra1 Rxe7 59. Rg1 Rh7 1/2-1/2

[Event "Nové Hrady - Open"]
[Site "Nové Hrady, Czech Republic"]
[Date "2024.08.17"]
[Round "7.8"]
[White "Brabcová, Nikola"]
[Black "Garabik, Marek"]
[Result "0-1"]
[TimeControl "2x90min+30s"]
[WhiteFideId "23739371"]
[BlackFideId "23717742"]
[WhiteElo "1507"]
[BlackElo "1916"]

1. e4 e6 2. d4 d5 3. e5 c5 4.
c3 Bd7 5. f4 Qb6 6. Nf3 Nc6 7. Be2 cxd4 8. cxd4 Bb4+ 9. Nc3 Nh6 10. Be3 Nf5 11. Bf2 O-O 12. g4 Nfe7 13. Bd3 Ng6 14.
Be3 f6 15. h4 fxe5 16. fxe5 Ncxe5 17. Nxe5 Nxe5 18. Bc2 Nf3+ 19. Ke2 Bxc3 20. bxc3 Bb5+ 21. Bd3 Bxd3+ 22. Qxd3 Qb2+ 23. Bd2 Nxd2 24. Rad1 Ne4+ 25. Rd2 Rf2+ 26. Ke1 Rxd2 27. Qf3 Qc1+ 28. Qd1 Qxd1# 0-1